Workbook
Name \0: #REF!
Name \0: #REF!
Name \0: #REF!
Name \00: #REF!
Name \00: #REF!
Name \00: #REF!
Name \a: #REF!
Name \a: #REF!
Name \a: #REF!
Name \AA: [1]LIQUIDACION!#REF!
Name \AA: [1]LIQUIDACION!#REF!
Name \AA: [1]LIQUIDACION!#REF!
Name \b: [2]STRSUMM0!#REF!
Name \b: [2]STRSUMM0!#REF!
Name \b: [2]STRSUMM0!#REF!
Name \bb: [2]STRSUMM0!#REF!
Name \bb: [2]STRSUMM0!#REF!
Name \bb: [2]STRSUMM0!#REF!
Name \E: #REF!
Name \E: #REF!
Name \E: #REF!
Name \EE: #REF!
Name \EE: #REF!
Name \EE: #REF!
Name \G: #REF!
Name \G: #REF!
Name \G: #REF!
Name \k: '[3]7422CW00'!#REF!
Name \k: '[3]7422CW00'!#REF!
Name \k: '[3]7422CW00'!#REF!
Name \l: [4]STRSUMM0!#REF!
Name \l: [4]STRSUMM0!#REF!
Name \l: [4]STRSUMM0!#REF!
Name \M: #REF!
Name \M: #REF!
Name \M: #REF!
Name \ñ: '[5]7422CW00'!#REF!
Name \ñ: '[5]7422CW00'!#REF!
Name \ñ: '[5]7422CW00'!#REF!
Name \P: #REF!
Name \P: #REF!
Name \P: #REF!
Name \R: #REF!
Name \R: #REF!
Name \R: #REF!
Name \s: #REF!
Name \s: #REF!
Name \s: #REF!
Name \V: #REF!
Name \V: #REF!
Name \V: #REF!
Name \X: 'AU CAIS'!ERR
Name \X: [0]!ERR
Name \Z: 'AU CAIS'!ERR
Name \Z: [0]!ERR
Name _________AFC1: [6]INV!$A$25:$D$28
Name _________AFC3: [6]INV!$F$25:$I$28
Name _________AFC5: [6]INV!$K$25:$N$28
Name _________BGC1: [6]INV!$A$5:$D$8
Name _________BGC3: [6]INV!$F$5:$I$8

Sheet APU
A2: 002 | C2: MOVIMIENTO DE TIERRAS | D2: Capitulo
A3: 002.001 | B3: - | C3: EXCAVACIÓN EN ZANJA - MATERIAL COMÚN - 0.0 A 2.0 M | D3: Actividad | E3: M3 | H3: =SUM(H4:H6) -> 33654
A4: 002.001 | B4: C22 | C4: CUADRILLA AA TIPO 4 (1 OFICIAL + 4 AYUDANTE) (Albañileria) | D4: Cuadrilla | E4: HR | F4: 0.6 | G4: 51509 | H4: =+ROUND(F4*G4,0) -> 30905
A5: 002.001 | B5: E36 | C5: EQUIPO MANEJO DE AGUAS DIFERENTE A AGUAS RESIDUALES | D5: Equipos | E5: DIA | F5: 0.033 | G5: 63233 | H5: =+ROUND(F5*G5,0) -> 2087
A6: 002.001 | B6: H2 | C6: EQUIPO BASICO (HERRAMIENTA MENOR) | D6: Herramienta | E6: UND | F6: 0.2 | G6: 3311 | H6: =+ROUND(F6*G6,0) -> 662
A8: 002A | C8: CIMIENTOS | D8: Capitulo
A9: 002A.007 | B9: - | C9: SUMINISTRO, TRANSPORTE E INSTALACION CONCRETO CICLOPEO CIMIENTOS (60% Concreto 3000 psi y 40% piedra media zonga) | D9: Actividad | E9: M3 | H9: =SUM(H10:H15) -> 520631
A10: 002A.007 | B10: AB5 | C10: CONCRETO 3000 psi - 21 Mpa | D10: Analisis | E10: M3 | F10: 0.618 | G10: 554104 | H10: =+ROUND(F10*G10,0) -> 342436
A11: 002A.007 | B11: C22 | C11: CUADRILLA AA TIPO 4 (1 OFICIAL + 4 AYUDANTE) (Albañileria) | D11: Cuadrilla | E11: HR | F11: 2.5 | G11: 51509 | H11: =+ROUND(F11*G11,0) -> 128773
A12: 002A.007 | B12: E12 | C12: EQUIPO DE TRANSPORTE | D12: Equipos | E12: DIA | F12: 0.041 | G12: 171308 | H12: =+ROUND(F12*G12,0) -> 7024
A13: 002A.007 | B13: H2 | C13: EQUIPO BASICO (HERRAMIENTA MENOR) | D13: Herramienta | E13: UND | F13: 0.5 | G13: 3311 | H13: =+ROUND(F13*G13,0) -> 1656
A14: 002A.007 | B14: I1565 | C14: ACARREO INTERNO | D14: Insumo | E14: UND | F14: 5.7 | G14: 1733 | H14: =+ROUND(F14*G14,0) -> 9878
A15: 002A.007 | B15: I37 | C15: PIEDRA MEDIA ZONGA | D15: Insumo | E15: M3 | F15: 0.412 | G15: 74913 | H15: =+ROUND(F15*G15,0) -> 30864
A17: 006 | C17: MAMPOSTERIA | D17: Capitulo
A18: 006.001 | B18: - | C18: SUMINISTRO, TRANSPORTE E INSTALACION MURO EN BLOQUE Nº4 Arcilla 33*23*9 cm. | D18: Actividad | E18: M2 | H18: =SUM(H19:H24) -> 58495
A19: 006.001 | B19: AB21 | C19: MORTERO 1:4 | D19: Analisis | E19: M3 | F19: 0.013 | G19: 512038 | H19: =+ROUND(F19*G19,0) -> 6656
A20: 006.001 | B20: C1 | C20: CUADRILLA AA TIPO 1 (1 OFICIAL + 1 AYUDANTE) (Albañileria) | D20: Cuadrilla | E20: HR | F20: 1.1 | G20: 23915 | H20: =+ROUND(F20*G20,0) -> 26307
A21: 006.001 | B21: E12 | C21: EQUIPO DE TRANSPORTE | D21: Equipos | E21: DIA | F21: 0.0033 | G21: 171308 | H21: =+ROUND(F21*G21,0) -> 565
A22: 006.001 | B22: H2 | C22: EQUIPO BASICO (HERRAMIENTA MENOR) | D22: Herramienta | E22: UND | F22: 0.1 | G22: 3311 | H22: =+ROUND(F22*G22,0) -> 331
A23: 006.001 | B23: I1565 | C23: ACARREO INTERNO | D23: Insumo | E23: UND | F23: 1.1 | G23: 1733 | H23: =+ROUND(F23*G23,0) -> 1906
A24: 006.001 | B24: I951 | C24: BLOQUE Nº 4 ARCILLA | D24: Insumo | E24: UND | F24: 12.915 | G24: 1760 | H24: =+ROUND(F24*G24,0) -> 22730
A26: 007 | C26: INSTALACIONES HIDRAULICAS | D26: Capitulo
A27: 007.128 | B27: - | C27: SUMINISTRO, TRANSPORTE E INSTALACIÓN DE LLAVE DE PASO TIPO RED WHITE 1/2" | D27: Actividad | E27: UND | H27: =SUM(H28:H36) -> 54355
A28: 007.128 | B28: C2 | C28: CUADRILLA BB TIPO 1 (1 OFICIAL + 1 AYUDANTE) (Instalaciones) | D28: Cuadrilla | E28: HR | F28: 0.25 | G28: 26303 | H28: =+ROUND(F28*G28,0) -> 6576
A29: 007.128 | B29: E12 | C29: EQUIPO DE TRANSPORTE | D29: Equipos | E29: DIA | F29: 0.0025 | G29: 171308 | H29: =+ROUND(F29*G29,0) -> 428
A30: 007.128 | B30: H2 | C30: EQUIPO BASICO (HERRAMIENTA MENOR) | D30: Herramienta | E30: UND | F30: 0.18 | G30: 3311 | H30: =+ROUND(F30*G30,0) -> 596
A31: 007.128 | B31: I1565 | C31: ACARREO INTERNO | D31: Insumo | E31: UND | F31: 0.3 | G31: 1733 | H31: =+ROUND(F31*G31,0) -> 520
A32: 007.128 | B32: I1700 | C32: LIMPIADOR REM PVC 760 GMS(1/4) | D32: Insumo | E32: UND | F32: 0.007 | G32: 59203 | H32: =+ROUND(F32*G32,0) -> 414
A33: 007.128 | B33: I545 | C33: ADAPTADOR MACHO PRESION PVC - 1/2 | D33: Insumo | E33: UND | F33: 1 | G33: 543 | H33: =+ROUND(F33*G33,0) -> 543
A34: 007.128 | B34: I569 | C34: CINTA TEFLON 10 M 1/2" | D34: Insumo | E34: UND | F34: 0.02 | G34: 1215 | H34: =+ROUND(F34*G34,0) -> 24
A35: 007.128 | B35: I647 | C35: SOLDADURA PVC LIQUIDA 1/4 | D35: Insumo | E35: UND | F35: 0.007 | G35: 122942 | H35: =+ROUND(F35*G35,0) -> 861
A36: 007.128 | B36: I878 | C36: REGISTRO O LLAVE DE PASO TIPO RED WHITE 1/2" ACUEDUCTO | D36: Insumo | E36: UND | F36: 1 | G36: 44393 | H36: =+ROUND(F36*G36,0) -> 44393
A38: 08B | C38: INSTALACIONES ELECTRICAS - REDES INTERNAS | D38: Capitulo
A39: 08B.266 | B39: - | C39: SUMINISTRO, TRANSPORTE E INSTALACION LUMINARIA PANEL LED DE INCRUSTAR-REF. 9PULG-24W TIPO PALNETA O SIMILAR | D39: Actividad | E39: UND | H39: =SUM(H40:H46) -> 141309
A40: 08B.266 | B40: C13 | C40: CUADRILLA FF TIPO 2 (1 OFICIAL + 2 AYUDANTE) (Electricas) | D40: Cuadrilla | E40: HR | F40: 0.8 | G40: 47718 | H40: =+ROUND(F40*G40,0) -> 38174
A41: 08B.266 | B41: E1 | C41: ANDAMIO METALICO CERTIFICADO, INCLUYE ESCALERILLA CON BARANDAS Y PLATAFORMAS DE TRABAJO | D41: Equipos | E41: UND | F41: 0.4 | G41: 9475 | H41: =+ROUND(F41*G41,0) -> 3790
A42: 08B.266 | B42: E12 | C42: EQUIPO DE TRANSPORTE | D42: Equipos | E42: DIA | F42: 0.03 | G42: 171308 | H42: =+ROUND(F42*G42,0) -> 5139
A43: 08B.266 | B43: H2 | C43: EQUIPO BASICO (HERRAMIENTA MENOR) | D43: Herramienta | E43: UND | F43: 0.5 | G43: 3311 | H43: =+ROUND(F43*G43,0) -> 1656
A44: 08B.266 | B44: I1110 | C44: ACCESORIOS DE FIJACION | D44: Insumo | E44: UND | F44: 4 | G44: 2341 | H44: =+ROUND(F44*G44,0) -> 9364
A45: 08B.266 | B45: I1565 | C45: ACARREO INTERNO | D45: Insumo | E45: UND | F45: 1.2 | G45: 1733 | H45: =+ROUND(F45*G45,0) -> 2080
A46: 08B.266 | B46: I1657 | C46: LUMINARIA LED DE INCRUSTAR REF. 9PULG-24 W TIPO PLANETA O SIMILAR | D46: Insumo | E46: UND | F46: 1 | G46: 81106 | H46: =+ROUND(F46*G46,0) -> 81106
A48: 08B.303 | B48: - | C48: SUMINISTRO, TRANSPORTE E INSTALACION DE LUMINARIA DE SOBREPONER TIPO BALA PANEL LED REDONDO, 24W BLANCO OPAL. INCLUYE DRIVER SC | D48: Actividad | E48: UND | H48: =SUM(H49:H54) -> 58324
A49: 08B.303 | B49: C13 | C49: CUADRILLA FF TIPO 2 (1 OFICIAL + 2 AYUDANTE) (Electricas) | D49: Cuadrilla | E49: HR | F49: 0.6 | G49: 47718 | H49: =+ROUND(F49*G49,0) -> 28631
A50: 08B.303 | B50: E12 | C50: EQUIPO DE TRANSPORTE | D50: Equipos | E50: DIA | F50: 0.0286 | G50: 171308 | H50: =+ROUND(F50*G50,0) -> 4899
A51: 08B.303 | B51: H2 | C51: EQUIPO BASICO (HERRAMIENTA MENOR) | D51: Herramienta | E51: UND | F51: 0.5 | G51: 3311 | H51: =+ROUND(F51*G51,0) -> 1656
A52: 08B.303 | B52: I1110 | C52: ACCESORIOS DE FIJACION | D52: Insumo | E52: UND | F52: 0.5 | G52: 2341 | H52: =+ROUND(F52*G52,0) -> 1171
A53: 08B.303 | B53: I1565 | C53: ACARREO INTERNO | D53: Insumo | E53: UND | F53: 1.2 | G53: 1733 | H53: =+ROUND(F53*G53,0) -> 2080
A54: 08B.303 | B54: I1746 | C54: SUMINISTRO DE BALA LED CIRCULAR DE SOBREPONER 20W | D54: Insumo | E54: UND | F54: 1 | G54: 19887 | H54: =+ROUND(F54*G54,0) -> 19887
A56: 08B.304 | B56: - | C56: DESMONTE DE LÁMPARAS DE SOBREPONER, INCRUSTAR O SIMILAR. ALTURA < 3 METROS (INCLUYE ESCALERA CERTIFICADA) | D56: Actividad | E56: UND | H56: =SUM(H57:H61) -> 22602
A57: 08B.304 | B57: C6 | C57: CUADRILLA FF TIPO 1 (1 OFICIAL + 1 AYUDANTE) (ELECTRICAS) | D57: Cuadrilla | E57: HR | F57: 0.3 | G57: 33923 | H57: =+ROUND(F57*G57,0) -> 10177
A58: 08B.304 | B58: E12 | C58: EQUIPO DE TRANSPORTE | D58: Equipos | E58: DIA | F58: 0.054 | G58: 171308 | H58: =+ROUND(F58*G58,0) -> 9251
A59: 08B.304 | B59: E82 | C59: ESCALERA CERTIFICADA | D59: Equipos | E59: DIA | F59: 0.003 | G59: 49681 | H59: =+ROUND(F59*G59,0) -> 149
A60: 08B.304 | B60: H2 | C60: EQUIPO BASICO (HERRAMIENTA MENOR) | D60: Herramienta | E60: UND | F60: 0.5 | G60: 3311 | H60: =+ROUND(F60*G60,0) -> 1656
A61: 08B.304 | B61: I1565 | C61: ACARREO INTERNO | D61: Insumo | E61: UND | F61: 0.79 | G61: 1733 | H61: =+ROUND(F61*G61,0) -> 1369
A63: 08B.318 | B63: - | C63: SUMINISTRO, TRANSPORTE E INSTALACION REFLECTOR DE 50W IP66 LED CUADRADO-CERRADO - ESTRIBOS - COMPLETO: CHASIS, BOMBILLA, ARRANCADOR, FOTOCELDA, COFRE METÁLICO DE SEGURIDAD, ETC. ACCESORIOS DE FIJACION E INSTALACION; INCLUYE ACCESORIOS DE SUJECIÓN. INSTALACIÓN A TODO COSTO. | D63: Actividad | E63: UND | H63: =H64 -> 577062
A64: 08B.318 | B64: I1975 | C64: SUMINISTRO, TRANSPORTE E INSTALACION REFLECTOR DE 50W IP66 LED CUADRADO-CERRADO - ESTRIBOS - COMPLETO: CHASIS, BOMBILLA, ARRANCADOR, FOTOCELDA, COFRE METÁLICO DE SEGURIDAD, ETC. ACCESORIOS DE FIJACION E INSTALACION; INCLUYE ACCESORIOS DE SUJECIÓN. INSTALACIÓN A TODO COSTO. | D64: Insumo | E64: UND | F64: 1 | G64: 577062 | H64: =+ROUND(F64*G64,0) -> 577062
A67: 009 | C67: REVOQUES-RESANES | D67: Capitulo
A68: 009.005 | B68: - | C68: SUMINISTRO,TRANSPORTE E INSTALACION REVOQUE LISO MUROS 1:3 IMPERMEABILIZADO (INCLUYE FILOS Y DILATACIONES) PARA ALTURAS MENORES A 3 METROS | D68: Actividad | E68: M2 | H68: =SUM(H69:H74) -> 40381
A69: 009.005 | B69: AB20 | C69: MORTERO 1:3 | D69: Analisis | E69: M3 | F69: 0.0257 | G69: 590583 | H69: =+ROUND(F69*G69,0) -> 15178
A70: 009.005 | B70: C1 | C70: CUADRILLA AA TIPO 1 (1 OFICIAL + 1 AYUDANTE) (Albañileria) | D70: Cuadrilla | E70: HR | F70: 0.49 | G70: 23915 | H70: =+ROUND(F70*G70,0) -> 11718
A71: 009.005 | B71: E12 | C71: EQUIPO DE TRANSPORTE | D71: Equipos | E71: DIA | F71: 0.0029 | G71: 171308 | H71: =+ROUND(F71*G71,0) -> 497
A72: 009.005 | B72: H2 | C72: EQUIPO BASICO (HERRAMIENTA MENOR) | D72: Herramienta | E72: UND | F72: 0.45 | G72: 3311 | H72: =+ROUND(F72*G72,0) -> 1490
A73: 009.005 | B73: I1565 | C73: ACARREO INTERNO | D73: Insumo | E73: UND | F73: 0.52 | G73: 1733 | H73: =+ROUND(F73*G73,0) -> 901
A74: 009.005 | B74: I427 | C74: SIKA-1 IMPERMEABILIZANTE INTEGRAL MORTEROS O SIMILAR. | D74: Insumo | E74: KG | F74: 0.8 | G74: 13246 | H74: =+ROUND(F74*G74,0) -> 10597
A76: 009.007 | B76: - | C76: SUMINISTRO,TRANSPORTE E INSTALACION REVOQUE LISO MUROS 1:3 IMPERMEABILIZADO ALTURA > 3M. (INCLUYE FILOS Y DILATACIONES) | D76: Actividad | E76: M2 | H76: =SUM(H77:H83) -> 47198
A77: 009.007 | B77: AB20 | C77: MORTERO 1:3 | D77: Analisis | E77: M3 | F77: 0.03 | G77: 590583 | H77: =+ROUND(F77*G77,0) -> 17717
A78: 009.007 | B78: C1 | C78: CUADRILLA AA TIPO 1 (1 OFICIAL + 1 AYUDANTE) (Albañileria) | D78: Cuadrilla | E78: HR | F78: 0.6 | G78: 23915 | H78: =+ROUND(F78*G78,0) -> 14349
A79: 009.007 | B79: E1 | C79: ANDAMIO METALICO CERTIFICADO, INCLUYE ESCALERILLA CON BARANDAS Y PLATAFORMAS DE TRABAJO | D79: Equipos | E79: UND | F79: 0.2 | G79: 9475 | H79: =+ROUND(F79*G79,0) -> 1895
A80: 009.007 | B80: E12 | C80: EQUIPO DE TRANSPORTE | D80: Equipos | E80: DIA | F80: 0.003 | G80: 171308 | H80: =+ROUND(F80*G80,0) -> 514
A81: 009.007 | B81: H2 | C81: EQUIPO BASICO (HERRAMIENTA MENOR) | D81: Herramienta | E81: UND | F81: 0.37 | G81: 3311 | H81: =+ROUND(F81*G81,0) -> 1225
A82: 009.007 | B82: I1565 | C82: ACARREO INTERNO | D82: Insumo | E82: UND | F82: 0.52 | G82: 1733 | H82: =+ROUND(F82*G82,0) -> 901
A83: 009.007 | B83: I427 | C83: SIKA-1 IMPERMEABILIZANTE INTEGRAL MORTEROS O SIMILAR. | D83: Insumo | E83: KG | F83: 0.8 | G83: 13246 | H83: =+ROUND(F83*G83,0) -> 10597
A85: 010 | C85: CUBIERTAS | D85: Capitulo
A86: 010.024 | B86: - | C86: SUMINISTRO, TRANSPORTE E INSTALACION CANAL EN LAMINA GALVANIZADA CAL .20 D/ 1.00 M. (SUMINISTRO E INSTALACIÓN CON WASH PRIMER + ESMALTE + ANCLAJE A MURO + SILICONA) | D86: Actividad | E86: ML | H86: =SUM(H87:H97) -> 119902
A87: 010.024 | B87: C11 | C87: CUADRILLA DD TIPO 2 (1 OFICIAL + 2 AYUDANTE) (Carpinteria) | D87: Cuadrilla | E87: HR | F87: 1.8 | G87: 38076 | H87: =+ROUND(F87*G87,0) -> 68537
A88: 010.024 | B88: E12 | C88: EQUIPO DE TRANSPORTE | D88: Equipos | E88: DIA | F88: 0.0055 | G88: 171308 | H88: =+ROUND(F88*G88,0) -> 942
A89: 010.024 | B89: E82 | C89: ESCALERA CERTIFICADA | D89: Equipos | E89: DIA | F89: 0.013 | G89: 49681 | H89: =+ROUND(F89*G89,0) -> 646
A90: 010.024 | B90: H2 | C90: EQUIPO BASICO (HERRAMIENTA MENOR) | D90: Herramienta | E90: UND | F90: 0.18 | G90: 3311 | H90: =+ROUND(F90*G90,0) -> 596
A91: 010.024 | B91: I1002 | C91: ESMALTE SINTETICO PINTULUX - TIPO PINTUCO REF. SEGÚN COLOR DISEÑO O SIMILAR | D91: Insumo | E91: GAL | F91: 0.032 | G91: 115927 | H91: =+ROUND(F91*G91,0) -> 3710
A92: 010.024 | B92: I1022 | C92: WASH PRIMER COMPONENTE A - 1/4 GL REF. 509A O SIMILAR | D92: Insumo | E92: UND | F92: 0.1 | G92: 37079 | H92: =+ROUND(F92*G92,0) -> 3708
A93: 010.024 | B93: I1023 | C93: WASH PRIMER COMPONENTE B - 1/4 GL REF. 509B O SIMILAR | D93: Insumo | E93: UND | F93: 0.1 | G93: 24719 | H93: =+ROUND(F93*G93,0) -> 2472
A94: 010.024 | B94: I1565 | C94: ACARREO INTERNO | D94: Insumo | E94: UND | F94: 0.2 | G94: 1733 | H94: =+ROUND(F94*G94,0) -> 347
A95: 010.024 | B95: I167 | C95: LAMINA GALVANIZADA CAL. 20 TIPO ACESCO O SIMILAR. | D95: Insumo | E95: M2 | F95: 1 | G95: 35581 | H95: =+ROUND(F95*G95,0) -> 35581
A96: 010.024 | B96: I207 | C96: PLATINA SOPORTE 3 MM | D96: Insumo | E96: UND | F96: 0.5 | G96: 4680 | H96: =+ROUND(F96*G96,0) -> 2340
A97: 010.024 | B97: I434 | C97: SOLDADURA DE ESTAÑO 60-40 250GR 1/16" (1.6 MM) | D97: Insumo | E97: UND | F97: 0.03 | G97: 34084 | H97: =+ROUND(F97*G97,0) -> 1023
A99: 010.026 | B99: - | C99: RECORRIDO DE CUBIERTA | D99: Actividad | E99: M2 | H99: =SUM(H100:H102) -> 14481
A100: 010.026 | B100: C1 | C100: CUADRILLA AA TIPO 1 (1 OFICIAL + 1 AYUDANTE) (Albañileria) | D100: Cuadrilla | E100: HR | F100: 0.5 | G100: 23915 | H100: =+ROUND(F100*G100,0) -> 11958
A101: 010.026 | B101: H2 | C101: EQUIPO BASICO (HERRAMIENTA MENOR) | D101: Herramienta | E101: UND | F101: 0.5 | G101: 3311 | H101: =+ROUND(F101*G101,0) -> 1656
A102: 010.026 | B102: I1565 | C102: ACARREO INTERNO | D102: Insumo | E102: UND | F102: 0.5 | G102: 1733 | H102: =+ROUND(F102*G102,0) -> 867
A105: 011 | C105: CIELO RASOS | D105: Capitulo
A106: 011.009 | B106: - | C106: SUMINISTRO, TRANSPORTE E INSTALACIÓN DE CIELO RASO EN LÁMINAS DE PVC A TODO COSTO. INCLUYE ESTRUCTURA METÁLICA, PERIMETRALES Y HASTA 2 CAJAS DE INSPECCION DE 0.60 X 0.60 CADA 30 M2. TEXTURA SEGÚN DISEÑO | D106: Actividad | E106: M2 | H106: =H107 -> 62224
A107: 011.009 | B107: I1923 | C107: SUMINISTRO, TRANSPORTE E INSTALACIÓN DE CIELO RASO EN LÁMINAS DE PVC A TODO COSTO. INCLUYE ESTRUCTURA METÁLICA, PERIMETRALES Y HASTA 2 CAJAS DE INSPECCION DE 0.60 X 0.60 CADA 30 M2. TEXTURA SEGÚN DISEÑO | D107: Insumo | E107: M2 | F107: 1 | G107: 62224 | H107: =+ROUND(F107*G107,0) -> 62224
A109: 012 | C109: PISOS - ACABADOS | D109: Capitulo
A110: 012.006 | B110: - | C110: SUMINISTRO, TRANSPORTE E INSTALACION CERAMICA PISO POMPEI TIPO ALFA O SIMILAR. COLOR CORAL O SHELL SEGÚN DISEÑO. INCLUYE MORTERO DE PEGA Y/O NIVELACIÓN | D110: Actividad | E110: M2 | H110: 86343
A111: 012.006 | B111: AB20 | C111: MORTERO 1:3 | D111: Analisis | E111: M3 | F111: 0.03 | G111: 590583 | H111: =+ROUND(F111*G111,0) -> 17717
A112: 012.006 | B112: C1 | C112: CUADRILLA AA TIPO 1 (1 OFICIAL + 1 AYUDANTE) (Albañileria) | D112: Cuadrilla | E112: HR | F112: 0.66 | G112: 23915 | H112: =+ROUND(F112*G112,0) -> 15784
A113: 012.006 | B113: E12 | C113: EQUIPO DE TRANSPORTE | D113: Equipos | E113: DIA | F113: 0.0055 | G113: 171308 | H113: =+ROUND(F113*G113,0) -> 942
A114: 012.006 | B114: E73 | C114: DESTRONCADORA DE PISOS 10HP | D114: Equipos | E114: DIA | F114: 0.01 | G114: 57627 | H114: =+ROUND(F114*G114,0) -> 576
A115: 012.006 | B115: E74 | C115: PULIDORA PISOS | D115: Equipos | E115: DIA | F115: 0.01 | G115: 57627 | H115: =+ROUND(F115*G115,0) -> 576
A116: 012.006 | B116: E75 | C116: BRILLADORA | D116: Equipos | E116: DIA | F116: 0.01 | G116: 57627 | H116: =+ROUND(F116*G116,0) -> 576
...

Sheet AU CAIS
A1: PROYECTO | B1: BASE A.U OBRA / SECRETARIA DE OBRAS PÚBLICAS
A3: Valor estimado de la Obra (Costo Directo). | C3: Valor | E3: ='PRESUPUESTO CAI'!K552 -> 3.197131e+08
A4: Plazo estimado de ejecución | C4: Meses | E4: 3
C5: Días | E5: =+E4*30 -> 90
A7: CAPITULO | B7: TIPO DE GASTO | C7: UN | D7: CANTIDAD | E7: DEDICACIÓN (del tiempo de la obra) | F7: VALOR UNITARIO (mes) | G7: Factor Prestacional | H7: VALOR TOTAL | I7: SUMA | J7: PORCENTAJE
A9: 1 | B9: GASTOS GENERALES. | J9: =+J10 -> 0.15708766
A10: 1.1 | B10: MANO DE OBRA Y GASTOS DE OFICINA | I10: =SUM(H11:H22) -> 50222981 | J10: =+I10/$E$3 -> 0.15708766 | K10: =SUM(J11:J23) -> 0.15708766
B11: Director(a) de Obra | C11: Un | D11: 1 | E11: 0 | F11: 6500000 | G11: 0.5483 | H11: =+D11*E11*F11*(1+G11)*$E$4 -> 0 | J11: =+H11/$E$3 -> 0
B12: Ingeniero(a) Civil Residente | C12: Un | D12: 1 | E12: 1 | F12: 4200000 | G12: 0.5483 | H12: =+D12*E12*F12*(1+G12)*$E$4 -> 19508580 | J12: =+H12/$E$3 -> 0.06101902
B13: Técnico constructor como Maestro de obra (Inspector de Obra) | C13: Un | D13: 1 | E13: 1 | F13: 2690000 | G13: 0.5483 | H13: =+D13*E13*F13*(1+G13)*$E$4 -> 12494781 | J13: =+H13/$E$3 -> 0.039081229
B14: Técnico Electricista | C14: Un | D14: 1 | E14: 0.25 | F14: 2690000 | G14: 0.5483 | H14: =+D14*E14*F14*(1+G14)*$E$4 -> 3123695.2 | J14: =+H14/$E$3 -> 0.0097703074
B15: Profesional en Segruidad y Salud en el Trabajo - HSEQ | C15: Un | D15: 1 | E15: 1 | F15: 3250000 | G15: 0.5483 | H15: =+D15*E15*F15*(1+G15)*$E$4 -> 15095925 | J15: =+H15/$E$3 -> 0.047217099
B16: Trabajador(a) social | C16: Un | D16: 1 | E16: 0 | F16: 3250000 | G16: 0.5483 | H16: =+D16*E16*F16*(1+G16)*$E$4 -> 0 | J16: =+H16/$E$3 -> 0
B17: Ingeniero(a) Ambiental | C17: Un | D17: 1 | E17: 0 | F17: 3250000 | G17: 0.5483 | H17: =+D17*E17*F17*(1+G17)*$E$4 -> 0 | J17: =+H17/$E$3 -> 0
B18: Secretaria con prestaciones | C18: Un | D18: 1 | E18: 0 | F18: 1300000 | G18: 0.6995 | H18: =+D18*E18*F18*(1+G18)*$E$4 -> 0 | J18: =+H18/$E$3 -> 0
B20: Oficina y/o campamento (Equipo de Oficina, Escritorio, pc, impresora, sillas, papeleria, consumo servicios publicos etc) | C20: Mes | D20: 1 | E20: 0 | F20: 800000 | H20: =+D20*E20*F20*E4 -> 0 | J20: =+H20/$E$3 -> 0
B21: Plan Manejo Tránsito | C21: Un | D21: 0 | E21: 1 | F21: 1000000 | H21: =+D21*E21*F21*E5 -> 0 | J21: =+H21/$E$3 -> 0
B22: Ensayos de laboratorio | C22: Gl | D22: 0 | E22: 1 | F22: 500000 | H22: =D22*E22*F22*E4 -> 0 | J22: =+H22/$E$3 -> 0
J23: =+H23/$E$3 -> 0
A24: 2 | B24: GASTOS INDIRECTOS. | J24: =J25+J28+J34+J38 -> 0.22839015 | K24: =SUM(K28:K46) -> 0.22839015
A25: 2.1 | B25: LEGALIZACION.
B26: Factor de formula circular | G26: 1.4355
A28: 2.2 | B28: POLIZAS | I28: =SUM(H29:H32) -> 3899210.2 | J28: =+I28/$E$3 -> 0.012195966 | K28: =SUM(J29:J32) -> 0.012195966
B29: Cumplimiento del contrato | C29: % | D29: 0.0006 | F29: =+$E$3 -> 3.197131e+08 | G29: =+$G$26 -> 1.4355 | H29: =+(((F29*G29*D29)/365)*($E$5+120))*1.19 -> 188533.39 | J29: =+H29/$E$3 -> 0.00058969553
B30: Estabilidad de la obra | C30: % | D30: 0.0009 | F30: =+$E$3 -> 3.197131e+08 | G30: =+$G$26 -> 1.4355 | H30: =+(((F30*G30*D30)/365)*(1825))*1.19 -> 2457667.4 | J30: =+H30/$E$3 -> 0.0076871025
B31: Pago de salarios, prestaciones sociales legales e indemnizaciones laborales | C31: % | D31: 0.0005 | F31: =+$E$3 -> 3.197131e+08 | G31: =+$G$26 -> 1.4355 | H31: =+(((F31*G31*D31)/365)*($E$5+1095))*1.19 -> 886555.81 | J31: =+H31/$E$3 -> 0.002772973
B32: Resposabilidad civil extracontractual | C32: % | D32: 0.0025 | F32: 348000000 | G32: =+$G$26 -> 1.4355 | H32: =+(((F32*G32*D32)/365)*($E$5+0))*1.19 -> 366453.65 | J32: =+H32/$E$3 -> 0.0011461953
A34: 2.3 | B34: VALLAS Y SEÑALIZACIÓN | I34: =SUM(H35:H36) -> 3720000 | J34: =+I34/$E$3 -> 0.011635432 | K34: =SUM(J35:J36) -> 0.011635432
B35: Valla (8 metros cuadrados en lona) | C35: Un | D35: 1 | E35: 1 | F35: 720000 | H35: =+D35*F35 -> 720000 | J35: =+H35/$E$3 -> 0.0022520191
B36: Señalización obra (señalizacion vertical, delineadores y cinta) etc | C36: Gb | D36: 1 | F36: 3000000 | H36: =+F36*D36 -> 3000000 | J36: =+H36/$E$3 -> 0.0093834128
A38: 2.4 | B38: IMPUESTOS Y VALORES AGREGADOS | I38: =SUM(H39:H46) -> 65400112 | J38: =+I38/$E$3 -> 0.20455875 | K38: =SUM(J39:J46) -> 0.20455875
B39: Contribución Especial (Seguridad Ciudadana) | C39: % | D39: 0.05 | F39: =+$E$3 -> 3.197131e+08 | G39: =+$G$26 -> 1.4355 | H39: =+D39*F39*G39 -> 22947408 | J39: =+H39/$E$3 -> 0.071775
B40: Estampillas para el bienestar del adulto mayor | C40: % | D40: 0.02 | F40: =+$E$3 -> 3.197131e+08 | G40: =+$G$26 -> 1.4355 | H40: =+D40*F40*G40 -> 9178963.1 | J40: =+H40/$E$3 -> 0.02871
B41: Estampillas Pro - Universidades. | C41: % | D41: 0.02 | F41: =+$E$3 -> 3.197131e+08 | G41: =+$G$26 -> 1.4355 | H41: =+D41*F41*G41 -> 9178963.1 | J41: =+H41/$E$3 -> 0.02871
B42: Tasa Pro Deporte y Recreación | C42: % | D42: 0.005 | F42: =+$E$3 -> 3.197131e+08 | G42: =+$G$26 -> 1.4355 | H42: =+D42*F42*G42 -> 2294740.8 | J42: =+H42/$E$3 -> 0.0071775
B43: Estampilla Pro Cultura | C43: % | D43: 0.02 | F43: =+$E$3 -> 3.197131e+08 | G43: =+$G$26 -> 1.4355 | H43: =+D43*F43*G43 -> 9178963.1 | J43: =+H43/$E$3 -> 0.02871
B44: Estampilla Pro Justicia Familiar | C44: % | D44: 0.02 | F44: =+$E$3 -> 3.197131e+08 | G44: =+$G$26 -> 1.4355 | H44: =+D44*F44*G44 -> 9178963.1 | J44: =+H44/$E$3 -> 0.02871
B45: 4/1000 (transacciones financieras) | C45: % | D45: 0.004 | F45: =+$E$3 -> 3.197131e+08 | G45: =+$G$26 -> 1.4355 | H45: =+D45*F45*G45 -> 1835792.6 | J45: =+H45/$E$3 -> 0.005742
B46: Industria y Comercio 3,5 x 1.000 sobre valor total. | C46: % | D46: 0.0035 | F46: =+$E$3 -> 3.197131e+08 | G46: =+$G$26 -> 1.4355 | H46: =+D46*F46*G46 -> 1606318.5 | J46: =+H46/$E$3 -> 0.00502425
B47: TOTAL GASTOS INDIRECTOS DE ADMINISTRACION. | I47: =SUM(I10:I46) -> 1.232423e+08 | J47: =+ROUND((J9+J24),4) -> 0.3855 | K47: =+J24+J9 -> 0.3854778
B48: UTILIDAD: | I48: 0.05 | J48: =+I48 -> 0.05 | K48: =J48 -> 0.05
B49: A.U. | J49: =SUM(J47+J48) -> 0.4355 | K49: =SUM(K47:K48) -> 0.4354778

Sheet PRESUPUESTO CAI
C3: Código | D3: CCE-EICP-FM-14 | E3: Versión | F3: 2
C4: FORMULARIO 1
C5: PRESUPUESTO OFICIAL
C6: [Las Entidades Estatales deben usar el presente formulario para determinar el Presupuesto Oficial del Proceso de Contratación y solo pueden modificar o ajustar aquello que en este se permite expresamente] [El presente formulario aplica para los procesos de contratación que tengan como forma de pago precios unitarios. Tratándose de otras modalidades de precio, la Entidad debe ajustarlo cuando corresponde a: precio global, llave en mano, administración delegada, reembolso de gastos o cualquier otra forma de precio.]
C8: Adicionalmente, cuando el proceso de contratación es estructurado por precios unitarios, la Entidad debe aplicar las notas 1, 2 y 3 del presente formulario y las casillas de "Descripción", "Porcentaje" de la Administración, Utilidad y total A.U. resaltadas en color amarillo. Tratándose de otras modalidades de precio, la Entidad puede o no configurar los mismos aspectos.
C9: “REPARACIONES LOCATIVAS DE BIENES INMUEBLES PROPIEDAD DEL MUNICIPIO DE MANIZALES, DESTINADOS AL USO DE LA POLICÍA NACIONAL DE COLOMBIA, Y DE LA SECRETARIA DEL INTERIOR DEL MUNICIPIO DE MANIZALES"
C10: CAI VILLAHERMOSA | M10: 1
D11: ITEM DE PAGO | E11: ESPECIFICACIONES | G11: DESCRIPCION | H11: UND. | I11: CANTIDAD | J11: VALOR UNITARIO | K11: VALOR TOTAL
C12: 019 | E12: PINTURA | G12: PINTURA | N12: ='AU CAIS'!G29 -> 1.4355
D13: 019.001 | G13: SUMINISTRO, TRANSPORTE E INSTALACION ESTUCO Y VINILO 3 MANOS SOBRE MURO INTERIOR (INCLUYE ESTUCO, 1 MANO EN PINTURA TIPO 2 Y DOS MANOS EN PINTURA TIPO 1, FILOS Y DILATACIONES). COLOR SEGÚN DISEÑO POR M2 | H13: M2 | I13: 37 | J13: =APU!$H$207*N13 -> 33490.215 | K13: =ROUND(J13*I13,0) -> 1239138 | N13: =$N$12 -> 1.4355 | O13: =J13/$N$12 -> 23330 | P13: =O13*I13 -> 863210
D14: 019.007 | G14: SUMINISTRO, TRANSPORTE E INSTALACION ESTUCO Y VINILO 3 MANOS BAJO PLACA INTERIOR (INCLUYE ESTUCO, 1 MANO EN PINTURA TIPO 2 Y DOS MANOS EN PINTURA TIPO 1, FILOS Y DILATACIONES). COLOR SEGÚN DISEÑO. | H14: M2 | I14: 30 | J14: =APU!$H$229*N14 -> 34922.844 | K14: =ROUND(J14*I14,0) -> 1047685 | N14: =$N$12 -> 1.4355 | O14: =J14/$N$12 -> 24328 | P14: =O14*I14 -> 729840
D15: 19014 | G15: SUMINISTRO, TRANSPORTE E INSTALACION ESTUCO Y PINTURA TIPO KORAZA O SIMILAR 3 MANOS FACHADAS (INCLUYE ESTUCO, 1 MANO EN PINTURA TIPO 2 Y DOS MANOS EN PINTURA TIPO KORAZA O SIMILAR, FILOS Y DILATACIONES). COLOR SEGÚN DISEÑO. | H15: M2 | I15: 39 | J15: =APU!$H$249*N15 -> 39100.149 | K15: =ROUND(J15*I15,0) -> 1524906 | N15: =$N$12 -> 1.4355 | O15: =J15/$N$12 -> 27238 | P15: =O15*I15 -> 1062282
C16: 08B | E16: PINTURA | G16: INSTALACIONES ELECTRICAS - REDES INTERNAS | N16: =$N$12 -> 1.4355 | O16: =J16/$N$12 -> 0 | P16: =O16*I16 -> 0
D17: 08B.304 | G17: DESMONTE DE LÁMPARAS DE SOBREPONER, INCRUSTAR O SIMILAR. ALTURA < 3 METROS (INCLUYE ESCALERA CERTIFICADA) | H17: UND | I17: 3 | J17: =APU!$H$56*N17 -> 32445.171 | K17: =ROUND(J17*I17,0) -> 97336 | N17: =$N$12 -> 1.4355 | O17: =J17/$N$12 -> 22602 | P17: =O17*I17 -> 67806
D18: 08B.303 | G18: SUMINISTRO, TRANSPORTE E INSTALACION DE LUMINARIA DE SOBREPONER TIPO BALA PANEL LED REDONDO, 24W BLANCO OPAL. INCLUYE DRIVER SC | H18: UND | I18: 3 | J18: =APU!$H$48*N18 -> 83724.102 | K18: =ROUND(J18*I18,0) -> 251172 | N18: =$N$12 -> 1.4355 | O18: =J18/$N$12 -> 58324 | P18: =O18*I18 -> 174972
C19: 015 | E19: PINTURA | G19: APARATOS SANITARIOS | N19: =$N$12 -> 1.4355 | O19: =J19/$N$12 -> 0 | P19: =O19*I19 -> 0
D20: 015.013 | G20: SUMINISTRO, TRANSPORTE E INSTALACION LAVAMANOS SOBREPONER Linea MARSELLA Color Blanco Ref. 13011000 Tipo Corona o Similar. (Incluye conjunto griferia tipo galaxia 8" o similar, desagüe automatico, sifón botella, grapas 2 und, acople). | H20: UND | I20: 1 | J20: =APU!$H$163*N20 -> 499765.02 | K20: =ROUND(J20*I20,0) -> 499765 | N20: =$N$12 -> 1.4355 | O20: =J20/$N$12 -> 348147 | P20: =O20*I20 -> 348147
D21: 015.004 | G21: SUMINISTRO, TRANSPORTE E INSTALACION SANITARIO Tipo MONTECARLO REDONDO Color Blanco Ref. 02618100-1 Tipo Corona o Similar. (conjunto sanitario que incluye sanitario one piece, tapa, griferia, accesorios de conexión e instalación.) | H21: UND | I21: 1 | J21: =APU!$H$156*N21 -> 1021371.2 | K21: =ROUND(J21*I21,0) -> 1021371 | N21: =$N$12 -> 1.4355 | O21: =J21/$N$12 -> 711509 | P21: =O21*I21 -> 711509
C22: 022 | G22: ASEO GENERAL Y LIMPIEZA | N22: =$N$12 -> 1.4355 | O22: =J22/$N$12 -> 0 | P22: =O22*I22 -> 0
C23: 022.001 | D23: - | G23: ASEO GENERAL | H23: M2 | I23: 80 | J23: =+APU!$H$446*N23 -> 4319.4195 | K23: =ROUND(J23*I23,0) -> 345554 | M23: 2 | N23: =$N$12 -> 1.4355 | O23: =J23/$N$12 -> 3009 | P23: =O23*I23 -> 240720
C24: 030.002 | G24: JORNAL AYUDANTE | H24: DIA | I24: 5 | J24: =+APU!$H$450*N24 -> 105629.83 | K24: =ROUND(J24*I24,0) -> 528149 | N24: =$N$12 -> 1.4355 | O24: =J24/$N$12 -> 73584 | P24: =O24*I24 -> 367920
C25: Subtotal | K25: =SUM(K13:K24) -> 6555076 | N25: =$N$12 -> 1.4355 | O25: =J25/$N$12 -> 0 | P25: =O25*I25 -> 0 | Q25: =SUM(P11:P24) -> 4566406 | R25: =+K25*N25 -> 9409811.6 | S25: =+Q25-R25 -> -4843405.6
C26: CAI OLAYA | N26: =$N$12 -> 1.4355 | O26: =J26/$N$12 -> 0 | P26: =O26*I26 -> 0
C27: 019 | E27: PINTURA | G27: PINTURA | N27: =$N$12 -> 1.4355 | O27: =J27/$N$12 -> 0 | P27: =O27*I27 -> 0
D28: 019.001 | G28: SUMINISTRO, TRANSPORTE E INSTALACION ESTUCO Y VINILO 3 MANOS SOBRE MURO INTERIOR (INCLUYE ESTUCO, 1 MANO EN PINTURA TIPO 2 Y DOS MANOS EN PINTURA TIPO 1, FILOS Y DILATACIONES). COLOR SEGÚN DISEÑO POR M2 | H28: M2 | I28: 37 | J28: =APU!$H$207*N28 -> 33490.215 | K28: =ROUND(J28*I28,0) -> 1239138 | N28: =$N$12 -> 1.4355 | O28: =J28/$N$12 -> 23330 | P28: =O28*I28 -> 863210
D29: 019.007 | G29: SUMINISTRO, TRANSPORTE E INSTALACION ESTUCO Y VINILO 3 MANOS BAJO PLACA INTERIOR (INCLUYE ESTUCO, 1 MANO EN PINTURA TIPO 2 Y DOS MANOS EN PINTURA TIPO 1, FILOS Y DILATACIONES). COLOR SEGÚN DISEÑO. | H29: M2 | I29: 30 | J29: =APU!$H$229*N29 -> 34922.844 | K29: =ROUND(J29*I29,0) -> 1047685 | N29: =$N$12 -> 1.4355 | O29: =J29/$N$12 -> 24328 | P29: =O29*I29 -> 729840
D30: 19014 | G30: SUMINISTRO, TRANSPORTE E INSTALACION ESTUCO Y PINTURA TIPO KORAZA O SIMILAR 3 MANOS FACHADAS (INCLUYE ESTUCO, 1 MANO EN PINTURA TIPO 2 Y DOS MANOS EN PINTURA TIPO KORAZA O SIMILAR, FILOS Y DILATACIONES). COLOR SEGÚN DISEÑO. | H30: M2 | I30: 48 | J30: =APU!$H$249*N30 -> 39100.149 | K30: =ROUND(J30*I30,0) -> 1876807 | N30: =$N$12 -> 1.4355 | O30: =J30/$N$12 -> 27238 | P30: =O30*I30 -> 1307424
C31: 028 | E31: PINTURA | G31: DESMONTES | N31: =$N$12 -> 1.4355 | O31: =J31/$N$12 -> 0 | P31: =O31*I31 -> 0
D32: 028.005 | G32: DESMONTE APARATOS SANITARIOS | H32: UND | I32: 2 | J32: =APU!$H$302*N32 -> 73666.989 | K32: =ROUND(J32*I32,0) -> 147334 | N32: =$N$12 -> 1.4355 | O32: =J32/$N$12 -> 51318 | P32: =O32*I32 -> 102636
C33: 08B | E33: PINTURA | G33: INSTALACIONES ELECTRICAS - REDES INTERNAS | N33: =$N$12 -> 1.4355 | O33: =J33/$N$12 -> 0 | P33: =O33*I33 -> 0
D34: 08B.304 | G34: DESMONTE DE LÁMPARAS DE SOBREPONER, INCRUSTAR O SIMILAR. ALTURA < 3 METROS (INCLUYE ESCALERA CERTIFICADA) | H34: UND | I34: 3 | J34: =APU!$H$56*N34 -> 32445.171 | K34: =ROUND(J34*I34,0) -> 97336 | N34: =$N$12 -> 1.4355 | O34: =J34/$N$12 -> 22602 | P34: =O34*I34 -> 67806
D35: 08B.303 | G35: SUMINISTRO, TRANSPORTE E INSTALACION DE LUMINARIA DE SOBREPONER TIPO BALA PANEL LED REDONDO, 24W BLANCO OPAL. INCLUYE DRIVER SC | H35: UND | I35: 3 | J35: =APU!$H$48*N35 -> 83724.102 | K35: =ROUND(J35*I35,0) -> 251172 | N35: =$N$12 -> 1.4355 | O35: =J35/$N$12 -> 58324 | P35: =O35*I35 -> 174972
C36: 015 | E36: PINTURA | G36: APARATOS SANITARIOS | N36: =$N$12 -> 1.4355 | O36: =J36/$N$12 -> 0 | P36: =O36*I36 -> 0
D37: 015.013 | G37: SUMINISTRO, TRANSPORTE E INSTALACION LAVAMANOS SOBREPONER Linea MARSELLA Color Blanco Ref. 13011000 Tipo Corona o Similar. (Incluye conjunto griferia tipo galaxia 8" o similar, desagüe automatico, sifón botella, grapas 2 und, acople). | H37: UND | I37: 1 | J37: =APU!$H$163*N37 -> 499765.02 | K37: =ROUND(J37*I37,0) -> 499765 | N37: =$N$12 -> 1.4355 | O37: =J37/$N$12 -> 348147 | P37: =O37*I37 -> 348147
D38: 015.004 | G38: SUMINISTRO, TRANSPORTE E INSTALACION SANITARIO Tipo MONTECARLO REDONDO Color Blanco Ref. 02618100-1 Tipo Corona o Similar. (conjunto sanitario que incluye sanitario one piece, tapa, griferia, accesorios de conexión e instalación.) | H38: UND | I38: 1 | J38: =APU!$H$156*N38 -> 1021371.2 | K38: =ROUND(J38*I38,0) -> 1021371 | N38: =$N$12 -> 1.4355 | O38: =J38/$N$12 -> 711509 | P38: =O38*I38 -> 711509
C39: 016 | E39: PINTURA | G39: CARPINTERIA EN MADERA | N39: =$N$12 -> 1.4355 | O39: =J39/$N$12 -> 0 | P39: =O39*I39 -> 0
D40: 016.017 | G40: SUMINISTRO, TRANSPORTE E INSTALACION DE MUEBLE BAJO MESON ANCHO: 0.60 M. CON FACHADA: MADECOR 19 MM. INTERIOR: MADECOR 15 MM. TIPO PIZANO O SIMILAR. ACABADO: SEGÚN PINTA SELECCIONADA DE CARTA COLORES MADECOR. (INCLUYE HOJAS PARA PUERTAS CON 2 RANURAS HORIZONTALES PINTADAS Y CON MARQUETE EN CANTO DECORATIVO. INTERIOR CON UN (1) ENTREPAÑO, TAPA SOBRE EL POYO DEL MUEBLE, HERRAJES, MANIJAS, SUMINISTRO DE TODOS LOS ACCESORIOS NECESARIOS PARA GARANTIZAR UNA CORRECTA INSTALACIÓN). | H40: M2 | I40: 4 | J40: =APU!$H$173*N40 -> 682504.17 | K40: =ROUND(J40*I40,0) -> 2730017 | N40: =$N$12 -> 1.4355 | O40: =J40/$N$12 -> 475447 | P40: =O40*I40 -> 1901788
C41: 022 | G41: ASEO GENERAL Y LIMPIEZA | N41: =$N$12 -> 1.4355 | O41: =J41/$N$12 -> 0 | P41: =O41*I41 -> 0
C42: 022.001 | D42: - | G42: ASEO GENERAL | H42: M2 | I42: 35 | J42: =+APU!$H$446*N42 -> 4319.4195 | K42: =ROUND(J42*I42,0) -> 151180 | N42: =$N$12 -> 1.4355 | O42: =J42/$N$12 -> 3009 | P42: =O42*I42 -> 105315
C43: 030.002 | G43: JORNAL AYUDANTE | H43: DIA | I43: 5 | J43: =+APU!$H$450*N43 -> 105629.83 | K43: =ROUND(J43*I43,0) -> 528149 | N43: =$N$12 -> 1.4355 | O43: =J43/$N$12 -> 73584 | P43: =O43*I43 -> 367920
C44: Subtotal | K44: =SUM(K28:K43) -> 9589954 | N44: =$N$12 -> 1.4355 | O44: =J44/$N$12 -> 0 | P44: =O44*I44 -> 0 | Q44: =SUM(P28:P43) -> 6680567 | R44: =+K44*N44 -> 13766379 | S44: =+Q44-R44 -> -7085812
C45: CAI SAMARIA | N45: =$N$12 -> 1.4355 | O45: =J45/$N$12 -> 0 | P45: =O45*I45 -> 0
C46: 019 | E46: PINTURA | G46: PINTURA | N46: =$N$12 -> 1.4355 | O46: =J46/$N$12 -> 0 | P46: =O46*I46 -> 0
D47: 019.001 | G47: SUMINISTRO, TRANSPORTE E INSTALACION ESTUCO Y VINILO 3 MANOS SOBRE MURO INTERIOR (INCLUYE ESTUCO, 1 MANO EN PINTURA TIPO 2 Y DOS MANOS EN PINTURA TIPO 1, FILOS Y DILATACIONES). COLOR SEGÚN DISEÑO POR M2 | H47: M2 | I47: 37 | J47: =APU!$H$207*N47 -> 33490.215 | K47: =ROUND(J47*I47,0) -> 1239138 | N47: =$N$12 -> 1.4355 | O47: =J47/$N$12 -> 23330 | P47: =O47*I47 -> 863210
D48: 019.007 | G48: SUMINISTRO, TRANSPORTE E INSTALACION ESTUCO Y VINILO 3 MANOS BAJO PLACA INTERIOR (INCLUYE ESTUCO, 1 MANO EN PINTURA TIPO 2 Y DOS MANOS EN PINTURA TIPO 1, FILOS Y DILATACIONES). COLOR SEGÚN DISEÑO. | H48: M2 | I48: 30 | J48: =APU!$H$229*N48 -> 34922.844 | K48: =ROUND(J48*I48,0) -> 1047685 | N48: =$N$12 -> 1.4355 | O48: =J48/$N$12 -> 24328 | P48: =O48*I48 -> 729840
D49: 19014 | G49: SUMINISTRO, TRANSPORTE E INSTALACION ESTUCO Y PINTURA TIPO KORAZA O SIMILAR 3 MANOS FACHADAS (INCLUYE ESTUCO, 1 MANO EN PINTURA TIPO 2 Y DOS MANOS EN PINTURA TIPO KORAZA O SIMILAR, FILOS Y DILATACIONES). COLOR SEGÚN DISEÑO. | H49: M2 | I49: 39 | J49: =APU!$H$249*N49 -> 39100.149 | K49: =ROUND(J49*I49,0) -> 1524906 | N49: =$N$12 -> 1.4355 | O49: =J49/$N$12 -> 27238 | P49: =O49*I49 -> 1062282
C50: 028 | E50: PINTURA | G50: DESMONTES | N50: =$N$12 -> 1.4355 | O50: =J50/$N$12 -> 0 | P50: =O50*I50 -> 0
D51: 028.005 | G51: DESMONTE APARATOS SANITARIOS | H51: UND | I51: 2 | J51: =APU!$H$302*N51 -> 73666.989 | K51: =ROUND(J51*I51,0) -> 147334 | N51: =$N$12 -> 1.4355 | O51: =J51/$N$12 -> 51318 | P51: =O51*I51 -> 102636
C52: 08B | E52: PINTURA | G52: INSTALACIONES ELECTRICAS - REDES INTERNAS | N52: =$N$12 -> 1.4355 | O52: =J52/$N$12 -> 0 | P52: =O52*I52 -> 0
D53: 08B.304 | G53: DESMONTE DE LÁMPARAS DE SOBREPONER, INCRUSTAR O SIMILAR. ALTURA < 3 METROS (INCLUYE ESCALERA CERTIFICADA) | H53: UND | I53: 3 | J53: =APU!$H$56*N53 -> 32445.171 | K53: =ROUND(J53*I53,0) -> 97336 | N53: =$N$12 -> 1.4355 | O53: =J53/$N$12 -> 22602 | P53: =O53*I53 -> 67806
D54: 08B.303 | G54: SUMINISTRO, TRANSPORTE E INSTALACION DE LUMINARIA DE SOBREPONER TIPO BALA PANEL LED REDONDO, 24W BLANCO OPAL. INCLUYE DRIVER SC | H54: UND | I54: 3 | J54: =APU!$H$48*N54 -> 83724.102 | K54: =ROUND(J54*I54,0) -> 251172 | N54: =$N$12 -> 1.4355 | O54: =J54/$N$12 -> 58324 | P54: =O54*I54 -> 174972
C55: 015 | E55: PINTURA | G55: APARATOS SANITARIOS | N55: =$N$12 -> 1.4355 | O55: =J55/$N$12 -> 0 | P55: =O55*I55 -> 0
D56: 015.013 | G56: SUMINISTRO, TRANSPORTE E INSTALACION LAVAMANOS SOBREPONER Linea MARSELLA Color Blanco Ref. 13011000 Tipo Corona o Similar. (Incluye conjunto griferia tipo galaxia 8" o similar, desagüe automatico, sifón botella, grapas 2 und, acople). | H56: UND | I56: 1 | J56: =APU!$H$163*N56 -> 499765.02 | K56: =ROUND(J56*I56,0) -> 499765 | N56: =$N$12 -> 1.4355 | O56: =J56/$N$12 -> 348147 | P56: =O56*I56 -> 348147
D57: 015.004 | G57: SUMINISTRO, TRANSPORTE E INSTALACION SANITARIO Tipo MONTECARLO REDONDO Color Blanco Ref. 02618100-1 Tipo Corona o Similar. (conjunto sanitario que incluye sanitario one piece, tapa, griferia, accesorios de conexión e instalación.) | H57: UND | I57: 1 | J57: =APU!$H$156*N57 -> 1021371.2 | K57: =ROUND(J57*I57,0) -> 1021371 | M57: 4 | N57: =$N$12 -> 1.4355 | O57: =J57/$N$12 -> 711509 | P57: =O57*I57 -> 711509
C58: 017 | E58: PINTURA | G58: CARPINTERIA METALICA | N58: =$N$12 -> 1.4355 | O58: =J58/$N$12 -> 0 | P58: =O58*I58 -> 0
D59: 017,065 | G59: SUMINISTRO, TRANSPORTE E INSTALACION PUERTA DUCHA ACRILICO (INCLUYE MARCO EN ALUMINIO ANODIZADO, PASADOR Y TOALLERO) A TODO COSTO | H59: M2 | I59: 3 | J59: =APU!$H$196*N59 -> 501341.2 | K59: =ROUND(J59*I59,0) -> 1504024 | N59: =$N$12 -> 1.4355 | O59: =J59/$N$12 -> 349245 | P59: =O59*I59 -> 1047735
C60: 022 | G60: ASEO GENERAL Y LIMPIEZA | N60: =$N$12 -> 1.4355 | O60: =J60/$N$12 -> 0 | P60: =O60*I60 -> 0
C61: 022.001 | D61: - | G61: ASEO GENERAL | H61: M2 | I61: 35 | J61: =+APU!$H$446*N61 -> 4319.4195 | K61: =ROUND(J61*I61,0) -> 151180 | N61: =$N$12 -> 1.4355 | O61: =J61/$N$12 -> 3009 | P61: =O61*I61 -> 105315
C62: 030.002 | G62: JORNAL AYUDANTE | H62: DIA | I62: 5 | J62: =+APU!$H$450*N62 -> 105629.83 | K62: =ROUND(J62*I62,0) -> 528149 | N62: =$N$12 -> 1.4355 | O62: =J62/$N$12 -> 73584 | P62: =O62*I62 -> 367920
C63: Subtotal | K63: =SUM(K47:K62) -> 8012060 | N63: =$N$12 -> 1.4355 | O63: =J63/$N$12 -> 0 | P63: =O63*I63 -> 0 | Q63: =SUM(P46:P62) -> 5581372 | R63: =+K63*N63 -> 11501312 | S63: =+Q63-R63 -> -5919940.1
C64: CAI ARANJUEZ | N64: =$N$12 -> 1.4355 | O64: =J64/$N$12 -> 0 | P64: =O64*I64 -> 0
C65: 019 | E65: PINTURA | G65: PINTURA | N65: =$N$12 -> 1.4355 | O65: =J65/$N$12 -> 0 | P65: =O65*I65 -> 0
D66: 019.001 | G66: SUMINISTRO, TRANSPORTE E INSTALACION ESTUCO Y VINILO 3 MANOS SOBRE MURO INTERIOR (INCLUYE ESTUCO, 1 MANO EN PINTURA TIPO 2 Y DOS MANOS EN PINTURA TIPO 1, FILOS Y DILATACIONES). COLOR SEGÚN DISEÑO POR M2 | H66: M2 | I66: 37 | J66: =APU!$H$207*N66 -> 33490.215 | K66: =ROUND(J66*I66,0) -> 1239138 | N66: =$N$12 -> 1.4355 | O66: =J66/$N$12 -> 23330 | P66: =O66*I66 -> 863210
D67: 019.007 | G67: SUMINISTRO, TRANSPORTE E INSTALACION ESTUCO Y VINILO 3 MANOS BAJO PLACA INTERIOR (INCLUYE ESTUCO, 1 MANO EN PINTURA TIPO 2 Y DOS MANOS EN PINTURA TIPO 1, FILOS Y DILATACIONES). COLOR SEGÚN DISEÑO. | H67: M2 | I67: 30 | J67: =APU!$H$229*N67 -> 34922.844 | K67: =ROUND(J67*I67,0) -> 1047685 | N67: =$N$12 -> 1.4355 | O67: =J67/$N$12 -> 24328 | P67: =O67*I67 -> 729840
D68: 19014 | G68: SUMINISTRO, TRANSPORTE E INSTALACION ESTUCO Y PINTURA TIPO KORAZA O SIMILAR 3 MANOS FACHADAS (INCLUYE ESTUCO, 1 MANO EN PINTURA TIPO 2 Y DOS MANOS EN PINTURA TIPO KORAZA O SIMILAR, FILOS Y DILATACIONES). COLOR SEGÚN DISEÑO. | H68: M2 | I68: 39 | J68: =APU!$H$249*N68 -> 39100.149 | K68: =ROUND(J68*I68,0) -> 1524906 | N68: =$N$12 -> 1.4355 | O68: =J68/$N$12 -> 27238 | P68: =O68*I68 -> 1062282
C69: 028 | E69: PINTURA | G69: DESMONTES | N69: =$N$12 -> 1.4355 | O69: =J69/$N$12 -> 0 | P69: =O69*I69 -> 0
D70: 028.005 | G70: DESMONTE APARATOS SANITARIOS | H70: UND | I70: 2 | J70: =APU!$H$302*N70 -> 73666.989 | K70: =ROUND(J70*I70,0) -> 147334 | N70: =$N$12 -> 1.4355 | O70: =J70/$N$12 -> 51318 | P70: =O70*I70 -> 102636
C71: 08B | E71: PINTURA | G71: INSTALACIONES ELECTRICAS - REDES INTERNAS | N71: =$N$12 -> 1.4355 | O71: =J71/$N$12 -> 0 | P71: =O71*I71 -> 0
D72: 08B.304 | G72: DESMONTE DE LÁMPARAS DE SOBREPONER, INCRUSTAR O SIMILAR. ALTURA < 3 METROS (INCLUYE ESCALERA CERTIFICADA) | H72: UND | I72: 3 | J72: =APU!$H$56*N72 -> 32445.171 | K72: =ROUND(J72*I72,0) -> 97336 | N72: =$N$12 -> 1.4355 | O72: =J72/$N$12 -> 22602 | P72: =O72*I72 -> 67806
D73: 08B.303 | G73: SUMINISTRO, TRANSPORTE E INSTALACION DE LUMINARIA DE SOBREPONER TIPO BALA PANEL LED REDONDO, 24W BLANCO OPAL. INCLUYE DRIVER SC | H73: UND | I73: 3 | J73: =APU!$H$48*N73 -> 83724.102 | K73: =ROUND(J73*I73,0) -> 251172 | N73: =$N$12 -> 1.4355 | O73: =J73/$N$12 -> 58324 | P73: =O73*I73 -> 174972
C74: 015 | E74: PINTURA | G74: APARATOS SANITARIOS | N74: =$N$12 -> 1.4355 | O74: =J74/$N$12 -> 0 | P74: =O74*I74 -> 0
D75: 015.013 | G75: SUMINISTRO, TRANSPORTE E INSTALACION LAVAMANOS SOBREPONER Linea MARSELLA Color Blanco Ref. 13011000 Tipo Corona o Similar. (Incluye conjunto griferia tipo galaxia 8" o similar, desagüe automatico, sifón botella, grapas 2 und, acople). | H75: UND | I75: 1 | J75: =APU!$H$163*N75 -> 499765.02 | K75: =ROUND(J75*I75,0) -> 499765 | N75: =$N$12 -> 1.4355 | O75: =J75/$N$12 -> 348147 | P75: =O75*I75 -> 348147
D76: 015.004 | G76: SUMINISTRO, TRANSPORTE E INSTALACION SANITARIO Tipo MONTECARLO REDONDO Color Blanco Ref. 02618100-1 Tipo Corona o Similar. (conjunto sanitario que incluye sanitario one piece, tapa, griferia, accesorios de conexión e instalación.) | H76: UND | I76: 1 | J76: =APU!$H$156*N76 -> 1021371.2 | K76: =ROUND(J76*I76,0) -> 1021371 | M76: 5 | N76: =$N$12 -> 1.4355 | O76: =J76/$N$12 -> 711509 | P76: =O76*I76 -> 711509
C77: 029 | E77: PINTURA | G77: DEMOLICIONES | N77: =$N$12 -> 1.4355 | O77: =J77/$N$12 -> 0 | P77: =O77*I77 -> 0
D78: 029.003 | G78: DEMOLICION ENCHAPE DE PISOS (INCLUYE RETIRO) | H78: M2 | I78: 17 | J78: =APU!$H$354*N78 -> 12329.51 | K78: =ROUND(J78*I78,0) -> 209602 | N78: =$N$12 -> 1.4355 | O78: =J78/$N$12 -> 8589 | P78: =O78*I78 -> 146013
C79: 017 | E79: PINTURA | G79: CARPINTERIA METALICA | N79: =$N$12 -> 1.4355 | O79: =J79/$N$12 -> 0 | P79: =O79*I79 -> 0
D80: 017,065 | G80: SUMINISTRO, TRANSPORTE E INSTALACION PUERTA DUCHA ACRILICO (INCLUYE MARCO EN ALUMINIO ANODIZADO, PASADOR Y TOALLERO) A TODO COSTO | H80: M2 | I80: 3 | J80: =APU!$H$196*N80 -> 501341.2 | K80: =ROUND(J80*I80,0) -> 1504024 | N80: =$N$12 -> 1.4355 | O80: =J80/$N$12 -> 349245 | P80: =O80*I80 -> 1047735
C81: 012 | E81: PINTURA | G81: PISOS - ACABADOS | N81: =$N$12 -> 1.4355 | O81: =J81/$N$12 -> 0 | P81: =O81*I81 -> 0
D82: 12010 | G82: SUMINISTRO, TRANSPORTE E INSTALACION BALDOSA GRANO DE MARMOL PCL 5 PERLATO CLARO TERRAZO TIPO ALFA O SIMILAR. (INCLUYE DESTRONCADA, PULIDA, BRILLADA, MORTERO DE NIVELACIÓN Y DILATACIÓN EN PVC). | H82: M2 | I82: 17 | J82: =APU!$H$124*N82 -> 248416.15 | K82: =ROUND(J82*I82,0) -> 4223074 | N82: =$N$12 -> 1.4355 | O82: =J82/$N$12 -> 173052 | P82: =O82*I82 -> 2941884
C83: 022 | G83: ASEO GENERAL Y LIMPIEZA | N83: =$N$12 -> 1.4355 | O83: =J83/$N$12 -> 0 | P83: =O83*I83 -> 0
C84: 022.001 | D84: - | G84: ASEO GENERAL | H84: M2 | I84: 35 | J84: =+APU!$H$446*N84 -> 4319.4195 | K84: =ROUND(J84*I84,0) -> 151180 | N84: =$N$12 -> 1.4355 | O84: =J84/$N$12 -> 3009 | P84: =O84*I84 -> 105315
C85: 030.002 | G85: JORNAL AYUDANTE | H85: DIA | I85: 5 | J85: =+APU!$H$450*N85 -> 105629.83 | K85: =ROUND(J85*I85,0) -> 528149 | N85: =$N$12 -> 1.4355 | O85: =J85/$N$12 -> 73584 | P85: =O85*I85 -> 367920
C86: Subtotal | K86: =SUM(K66:K85) -> 12444736 | N86: =$N$12 -> 1.4355 | O86: =J86/$N$12 -> 0 | P86: =O86*I86 -> 0 | Q86: =SUM(P66:P85) -> 8669269 | R86: =+K86*N86 -> 17864419 | S86: =+Q86-R86 -> -9195149.5
C87: CAI SAN SEBASTIAN | N87: =$N$12 -> 1.4355 | O87: =J87/$N$12 -> 0 | P87: =O87*I87 -> 0
C88: 019 | E88: PINTURA | G88: PINTURA | M88: 6 | N88: =$N$12 -> 1.4355 | O88: =J88/$N$12 -> 0 | P88: =O88*I88 -> 0
D89: 019.001 | G89: SUMINISTRO, TRANSPORTE E INSTALACION ESTUCO Y VINILO 3 MANOS SOBRE MURO INTERIOR (INCLUYE ESTUCO, 1 MANO EN PINTURA TIPO 2 Y DOS MANOS EN PINTURA TIPO 1, FILOS Y DILATACIONES). COLOR SEGÚN DISEÑO POR M2 | H89: M2 | I89: 37 | J89: =APU!$H$207*N89 -> 33490.215 | K89: =ROUND(J89*I89,0) -> 1239138 | N89: =$N$12 -> 1.4355 | O89: =J89/$N$12 -> 23330 | P89: =O89*I89 -> 863210
D90: 019.007 | G90: SUMINISTRO, TRANSPORTE E INSTALACION ESTUCO Y VINILO 3 MANOS BAJO PLACA INTERIOR (INCLUYE ESTUCO, 1 MANO EN PINTURA TIPO 2 Y DOS MANOS EN PINTURA TIPO 1, FILOS Y DILATACIONES). COLOR SEGÚN DISEÑO. | H90: M2 | I90: 30 | J90: =APU!$H$229*N90 -> 34922.844 | K90: =ROUND(J90*I90,0) -> 1047685 | N90: =$N$12 -> 1.4355 | O90: =J90/$N$12 -> 24328 | P90: =O90*I90 -> 729840
D91: 19014 | G91: SUMINISTRO, TRANSPORTE E INSTALACION ESTUCO Y PINTURA TIPO KORAZA O SIMILAR 3 MANOS FACHADAS (INCLUYE ESTUCO, 1 MANO EN PINTURA TIPO 2 Y DOS MANOS EN PINTURA TIPO KORAZA O SIMILAR, FILOS Y DILATACIONES). COLOR SEGÚN DISEÑO. | H91: M2 | I91: 39 | J91: =APU!$H$249*N91 -> 39100.149 | K91: =ROUND(J91*I91,0) -> 1524906 | N91: =$N$12 -> 1.4355 | O91: =J91/$N$12 -> 27238 | P91: =O91*I91 -> 1062282
C92: 08B | E92: PINTURA | G92: INSTALACIONES ELECTRICAS - REDES INTERNAS | N92: =$N$12 -> 1.4355 | O92: =J92/$N$12 -> 0 | P92: =O92*I92 -> 0
D93: 08B.304 | G93: DESMONTE DE LÁMPARAS DE SOBREPONER, INCRUSTAR O SIMILAR. ALTURA < 3 METROS (INCLUYE ESCALERA CERTIFICADA) | H93: UND | I93: 3 | J93: =APU!$H$56*N93 -> 32445.171 | K93: =ROUND(J93*I93,0) -> 97336 | N93: =$N$12 -> 1.4355 | O93: =J93/$N$12 -> 22602 | P93: =O93*I93 -> 67806
D94: 08B.303 | G94: SUMINISTRO, TRANSPORTE E INSTALACION DE LUMINARIA DE SOBREPONER TIPO BALA PANEL LED REDONDO, 24W BLANCO OPAL. INCLUYE DRIVER SC | H94: UND | I94: 3 | J94: =APU!$H$48*N94 -> 83724.102 | K94: =ROUND(J94*I94,0) -> 251172 | N94: =$N$12 -> 1.4355 | O94: =J94/$N$12 -> 58324 | P94: =O94*I94 -> 174972
C95: 017 | E95: PINTURA | G95: CARPINTERIA METALICA | N95: =$N$12 -> 1.4355 | O95: =J95/$N$12 -> 0 | P95: =O95*I95 -> 0
D96: 017,065 | G96: SUMINISTRO, TRANSPORTE E INSTALACION PUERTA DUCHA ACRILICO (INCLUYE MARCO EN ALUMINIO ANODIZADO, PASADOR Y TOALLERO) A TODO COSTO | H96: M2 | I96: 3 | J96: =APU!$H$196*N96 -> 501341.2 | K96: =ROUND(J96*I96,0) -> 1504024 | N96: =$N$12 -> 1.4355 | O96: =J96/$N$12 -> 349245 | P96: =O96*I96 -> 1047735
C97: 022 | G97: ASEO GENERAL Y LIMPIEZA | N97: =$N$12 -> 1.4355 | O97: =J97/$N$12 -> 0 | P97: =O97*I97 -> 0
C98: 022.001 | D98: - | G98: ASEO GENERAL | H98: M2 | I98: 35 | J98: =+APU!$H$446*N98 -> 4319.4195 | K98: =ROUND(J98*I98,0) -> 151180 | M98: 7 | N98: =$N$12 -> 1.4355 | O98: =J98/$N$12 -> 3009 | P98: =O98*I98 -> 105315
C99: 030.002 | G99: JORNAL AYUDANTE | H99: DIA | I99: 5 | J99: =+APU!$H$450*N99 -> 105629.83 | K99: =ROUND(J99*I99,0) -> 528149 | N99: =$N$12 -> 1.4355 | O99: =J99/$N$12 -> 73584 | P99: =O99*I99 -> 367920
C100: Subtotal | K100: =SUM(K89:K99) -> 6343590 | N100: =$N$12 -> 1.4355 | O100: =J100/$N$12 -> 0 | P100: =O100*I100 -> 0 | Q100: =SUM(P88:P99) -> 4419080 | R100: =+K100*N100 -> 9106223.4 | S100: =+Q100-R100 -> -4687143.4
C101: CAI CAMPIN | N101: =$N$12 -> 1.4355 | O101: =J101/$N$12 -> 0 | P101: =O101*I101 -> 0
C102: 019 | E102: PINTURA | G102: PINTURA | N102: =$N$12 -> 1.4355 | O102: =J102/$N$12 -> 0 | P102: =O102*I102 -> 0
D103: 019.001 | G103: SUMINISTRO, TRANSPORTE E INSTALACION ESTUCO Y VINILO 3 MANOS SOBRE MURO INTERIOR (INCLUYE ESTUCO, 1 MANO EN PINTURA TIPO 2 Y DOS MANOS EN PINTURA TIPO 1, FILOS Y DILATACIONES). COLOR SEGÚN DISEÑO POR M2 | H103: M2 | I103: 37 | J103: =APU!$H$207*N103 -> 33490.215 | K103: =ROUND(J103*I103,0) -> 1239138 | N103: =$N$12 -> 1.4355 | O103: =J103/$N$12 -> 23330 | P103: =O103*I103 -> 863210
...

Sheet CONSOLIDADO CAI
F2: =#REF! -> #REF!
B3: DEPENDENCIA | C3: PROPIEDAD | D3: ESTADO | E3: COSTO DIRECTO | F3: COSTO TOTAL AU
B4: Estación de policía Manizales | C4: ALCALDIA DE MANIZALES
B5: Estación de policía Ciudadela Del Norte | C5: ALCALDIA DE MANIZALES
B6: Estación de policía Terminal | C6: POLICÍA
B7: Estación de policía Aeropuerto | C7: INFI-CALDAS
B8: Estación de policía Cuchilla Del Salado | C8: ALCALDIA DE MANIZALES | D8: TERMINADO | E8: ='PRESUPUESTO CAI'!K353 -> 45529704 | F8: =$E8*$F2 -> #REF!
B9: Subestación de policía Villaneria | C9: POLICÍA
B10: Subestación de policía San Peregrino | C10: ALCALDIA DE MANIZALES | D10: TERMINADO | E10: ='PRESUPUESTO CAI'!K470 -> 32051945 | F10: =F2*E10 -> #REF!
B11: Subestación de policía La Linda | C11: JAC LA LINDA
B12: Subestación de policía La Violeta | C12: JAC LA VIOLETA
B13: Subestación de policía Alto Lisboa | C13: JAC LISBOA
B14: Subestación de policía La Cabaña | C14: ALCALDIA DE MANIZALES
B15: Subestación de policía Alto Bonito | C15: ALCALDIA DE MANIZALES | D15: TERMINADO | E15: ='PRESUPUESTO CAI'!K520 -> 29867165 | F15: =F2*E15 -> #REF!
B16: Subestación de policía Malteria | C16: ALCALDIA DE MANIZALES | D16: TERMINADO | E16: ='PRESUPUESTO CAI'!K286 -> 32290527 | F16: =F2*E16 -> #REF!
B17: Subestación de policía Tres Puertas | C17: SUCESORES LIBORIO
B18: Subestación de policía Alto Tablazo | C18: ALCALDIA DE MANIZALES | D18: TERMINADO | E18: ='PRESUPUESTO CAI'!K500 -> 33963362 | F18: =$E18*$F2 -> #REF!
B19: Subestación de policía Las Pavas | C19: ALCALDIA DE MANIZALES | D19: TERMINADO | E19: ='PRESUPUESTO CAI'!K309 -> 35738268
B20: Subestación de policía Alto De Letras | C20: ALCALDIA HERVEO
B21: Subestación de policía KM 41 | C21: ALCALDIA DE MANIZALES | D21: TERMINADO | E21: ='PRESUPUESTO CAI'!K539 -> 20355466 | F21: =F2*E21 -> #REF!
B22: CAI Carmen | C22: ALCALDIA DE MANIZALES | D22: TERMINADO | E22: ='PRESUPUESTO CAI'!K423 -> 7520145.7 | F22: =E22*F2 -> #REF!
B23: CAI Villahermosa | C23: ALCALDIA DE MANIZALES | D23: TERMINADO | E23: ='PRESUPUESTO CAI'!K25 -> 6555076 | F23: =E23*F2 -> #REF!
B24: CAI Olaya | C24: ALCALDIA DE MANIZALES | D24: TERMINADO | E24: ='PRESUPUESTO CAI'!K44 -> 9589954 | F24: =E24*F2 -> #REF!
B25: CAI Samaria | C25: ALCALDIA DE MANIZALES | D25: TERMINADO | E25: ='PRESUPUESTO CAI'!K63 -> 8012060 | F25: =E25*F2 -> #REF!
B26: CAI Alfonso Lopez | C26: ALCALDIA DE MANIZALES | D26: TERMINADO | E26: ='PRESUPUESTO CAI'!K442 -> 9298452 | F26: =E26*F2 -> #REF!
B27: CAI Aranjuez | C27: ALCALDIA DE MANIZALES | D27: TERMINADO | E27: ='PRESUPUESTO CAI'!K86 -> 12444736 | F27: =E27*F2 -> #REF!
B28: CAI Chipre | C28: ALCALDIA DE MANIZALES | D28: TERMINADO | E28: ='PRESUPUESTO CAI'!K397 -> 11137418 | F28: =E28*F2 -> #REF!
B29: CAI Fatima | C29: ALCALDIA DE MANIZALES | D29: TERMINADO | E29: ='PRESUPUESTO CAI'!K218 -> 21718768 | F29: =E29*F2 -> #REF!
B30: CAI Galán | C30: ALCALDIA DE MANIZALES | D30: TERMINADO | E30: ='PRESUPUESTO CAI'!K381 -> 30807574 | F30: =E30*F2 -> #REF!
B31: CAI San Sebastián | C31: ALCALDIA DE MANIZALES | D31: TERMINADO | E31: ='PRESUPUESTO CAI'!K100 -> 6343590 | F31: =E31*F2 -> #REF!
B32: CAI Estambul | C32: ALCALDIA DE MANIZALES | D32: TERMINADO | E32: ='PRESUPUESTO CAI'!K265 -> 13350055 | F32: =E32*F2 -> #REF!
B33: CAI Campin | C33: ALCALDIA DE MANIZALES | D33: TERMINADO | E33: ='PRESUPUESTO CAI'!K114 -> 5833231 | F33: =E33*F2 -> #REF!
B34: CAI Liborio | C34: ALCALDIA DE MANIZALES | D34: TERMINADO | E34: ='PRESUPUESTO CAI'!K328 -> 9298452 | F34: =E34*F2 -> #REF!
B35: CAI Leonora | C35: ALCALDIA DE MANIZALES | D35: TERMINADO | E35: ='PRESUPUESTO CAI'!#REF! -> #REF! | F35: =E35*F2 -> #REF!
B36: CAI Enea | C36: ALCALDIA DE MANIZALES | D36: TERMINADO | E36: ='PRESUPUESTO CAI'!K238 -> 13940963 | F36: =E36*F2 -> #REF!
B37: CAI Sultana | C37: ALCALDIA DE MANIZALES | D37: TERMINADO | E37: ='PRESUPUESTO CAI'!K142 -> 11321161 | F37: =E37*F2 -> #REF!
B38: CAI Nevado | C38: MINISTERIO DE VIVIENDA
B39: CAI Terraza | C39: INFI MANIZALES
B40: CAI Centro | C40: INFI MANIZALES
B41: CAI Florida | C41: ALCALDIA DE VILLAMARIA
B42: CAI Pradera | C42: ARQUIDIOCESIS DE MANIZALES
B43: CAI Cable | C43: ALCALDIA DE MANIZALES | D43: TERMINADO | E43: ='PRESUPUESTO CAI'!K168 -> 10575913 | F43: =E43*F2 -> #REF!
B44: Cai Palermo | C44: ALCALDIA DE MANIZALES | D44: TERMINADO | E44: ='PRESUPUESTO CAI'!K195 -> 10332869 | F44: =E44*F2 -> #REF!
B46: TOTAL | E46: =SUM(E5:E44) -> #REF! | F46: ='PRESUPUESTO CAI'!K553 -> 4.5894815e+08

Sheet CONSOLIDADO INSPECCIONES
G2: =#REF! -> #REF!
B3: N | C3: Dependencia | D3: Necedidades | E3: Estado | F3: COSTO DIRECTO | G3: COSTO TOTAL AU
B4: 1 | C4: Inspeccion 1 | D4: moviliario y computo | E4: no se requirio | F4: no
B5: 2 | C5: Inspeccion 2 | D5: reparaciones locativas | E5: terminado | F5: 3962290 | G5: =F5*G2 -> #REF!
B6: 3 | C6: Inspeccion 3 | D6: moviliario y computo | E6: no se requirio | F6: no
B7: 4 | C7: Inspeccion 4 | D7: reparaciones locativas | E7: terminado | F7: =#REF! -> #REF! | G7: =F7*G2 -> #REF!
B8: 5 | C8: Inspeccion 5 | D8: reparaciones locativas | E8: terminado | F8: =#REF! -> #REF! | G8: =F8*G2 -> #REF!
B9: 6 | C9: Inspeccion 6 | D9: moviliario y computo | E9: no se requirio | F9: no
B10: 7 | C10: Inspeccion 7 | D10: reparaciones locativas | E10: terminado | F10: =#REF! -> #REF! | G10: =F10*G2 -> #REF!
B11: 8 | C11: Inspeccion 8 | D11: reparaciones locativas | E11: terminado | F11: =#REF! -> #REF! | G11: =F11*G2 -> #REF!
B12: 9 | C12: Inspeccion 9 | D12: moviliario y computo | E12: no se requirio
B13: 10 | C13: Inspeccion 10 | D13: reparaciones locativas | E13: no se requirio
B14: 11 | C14: Inspeccion 11 | D14: reparaciones locativas | E14: terminado | F14: =#REF! -> #REF! | G14: =F14*G2 -> #REF!
B15: 12 | C15: Inspeccion 12 | D15: moviliario y computo | E15: no se requirio | F15: no
B16: 13 | C16: Inspeccion Permanente
B17: 14 | C17: Corregimiento Colombia | D17: reparaciones locativas | E17: terminado | F17: =#REF! -> #REF! | G17: =F17*G2 -> #REF!
B18: 15 | C18: Corregimiento Rio Blanco | D18: reparaciones locativas | E18: terminado | F18: Contempldo en inspeccion 11
B19: 16 | C19: Corregimiento Panorama | D19: reparaciones locativas | E19: terminado | F19: 580653 | G19: =F19*G2 -> #REF!
B20: 17 | C20: Corregimiento Remanso | D20: moviliario y computo | E20: no se requirio
B21: 18 | C21: Corregimiento Tablazo | D21: moviliario y computo | E21: no se requirio | F21: Contempldo en comisaria 2
B22: 19 | C22: Comisaria 1 | E22: terminado | F22: =#REF! -> #REF! | G22: =F22*G2 -> #REF!
B23: 20 | C23: Comisaria 2 | E23: terminado | F23: =#REF! -> #REF! | G23: =F23*G2 -> #REF!
B24: 21 | C24: Comisaria 3 | E24: no se requirio | F24: no
B25: 22 | C25: Comisaria 4 | E25: no se requirio | F25: no
B26: 23 | C26: UPV | D26: reparaciones locativas | E26: terminado | F26: 7066263 | G26: =F26*G2 -> #REF!
B27: 24 | C27: Unidad de victimas | E27: por visitar | F27: =#REF! -> #REF! | G27: =F27*G2 -> #REF!
B28: 25 | C28: Inspeccion Pesas y Medidas | E28: terminado | F28: =#REF! -> #REF! | G28: =F28*G2 -> #REF!
B29: 26 | C29: Despacho | E29: por visitar | F29: no
B30: 27 | C30: PPL | E30: terminado | F30: =#REF! -> #REF! | G30: =F30*G2 -> #REF!
F31: =F30+F28+F27+F26+F23+F22+F17+F14+F11+F10+F8+F7+F5 -> #REF! | G31: =#REF! -> #REF!
